 Dungeon Crawl Stone Soup version 0.29.1-1-gd02db6906a (webtiles) character file.

Game seed: 1154042552678668918

1 Pooter the Caller (level 1, -6/7 HPs)
             Began as a Felid Summoner on Oct 22, 2022.
             Mangled by a gnoll
             ... wielding a +0 club
              (8 damage)
             ... on level 1 of the Dungeon.
             The game lasted 00:03:40 (80 turns).

Pooter the Caller (Felid Summoner)                    Turns: 80, Time: 00:03:41

Health: -6/7       AC:  1    Str:  4    XL:     1   Next: 16%
Magic:  1/4        EV: 17    Int: 16    God:
Gold:   9          SH:  0    Dex: 16    Spells: 3/4 levels left
                                        Lives:  0   Deaths: 0

rFire   . . .      SeeInvis +   (weapon unavailable)
rCold   . . .      Faith    .   (shield unavailable)
rNeg    . . .      Spirit   .   (body armour unavailable)
rPois   .          Reflect  .   (helmet unavailable)
rElec   .          Harm     .   (cloak unavailable)
rCorr   .          Rampage  .   (gloves unavailable)
Will    .....                   (boots unavailable)
Stlth   ++........              (no amulet)
HPRegen 0.02/turn               (no ring)
MPRegen 0.09/turn               (no ring)

@: quick
A: very small, claws 1, fangs 3, see invisible, speed 1, shaggy fur 1, stealthy
paws, no weapons or thrown items, no armour, multi-lived
a: no special abilities


You were on level 1 of the Dungeon.
You visited 1 branch of the dungeon, and saw 1 of its levels.

You collected 9 gold pieces.

Inventory:

Potions
 a - a potion of magic


   Skills:
 + Level 2.7 Dodging
 + Level 2.7 Stealth
 + Level 2.0 Spellcasting
 + Level 4.0 Summonings


You had 3 spell levels left.
You knew the following spells:

 Your Spells              Type           Power      Damage    Failure   Level
z - Summon Small Mammal   Summ           56%        N/A       4%          1

Your spell library contained the following spells:

 Spells                   Type           Power      Damage    Failure   Level
 Call Imp                 Summ           14%        N/A       6%          2
 Call Canine Familiar     Summ           14%        N/A       12%         3
 Summon Guardian Golem    Hex/Summ       8%         N/A       26%         3
 Summon Lightning Spire   Summ/Air       8%         N/A       65%         4


Dungeon Overview and Level Annotations

Branches:
Dungeon (1/15)

Altars:


Innate Abilities, Weirdness & Mutations

You have sharp claws.
You have razor-sharp teeth.
You have supernaturally acute eyesight. (SInv)
You cover ground quickly. (Speed+)
You are covered in fur. (AC +1)
Your paws help you pounce on unaware monsters.
You are incapable of wielding weapons or throwing items.
You cannot wear armour.
You gain extra lives every three experience levels.


Message History

A gnoll and a bat come into view.
The hobgoblin shouts!
You hear a shout!
You don't know that spell.
Unknown command.
The bat closely misses you. The bat misses your bat.
Your bat misses the bat.
Your bat hits the bat but does no damage.
Your bat misses the bat. The bat completely misses your bat.
Something hits your bat.
Your bat hits the gnoll but does no damage.
Your bat hits the gnoll but does no damage. x2
Your bat barely misses the gnoll.
Your bat hits the gnoll but does no damage.
The gnoll hits your bat with a +0 club.
Your bat dies!
Your bat's corpse disappears in a puff of smoke!
* * * LOW MAGIC WARNING * * *
Your bat barely misses the gnoll.
The gnoll misses your bat.
The hobgoblin closely misses your quokka.
The hobgoblin barely misses your quokka.
Your bat hits the gnoll but does no damage.
Your quokka closely misses the hobgoblin.
The bat completely misses your quokka.
Your quokka barely misses the hobgoblin.
The bat barely misses your quokka. The hobgoblin hits your quokka.
You scratch the gnoll but do no damage. The bat closely misses your quokka.
Your bat hits the gnoll but does no damage.
The bat barely misses your quokka.
Your quokka bites the hobgoblin.
The gnoll barely misses you. The hobgoblin hits your quokka.
Your quokka dies!
Your quokka's corpse disappears in a puff of smoke!
You scratch the gnoll.
Your bat completely misses the bat.
The bat hits your bat.
Your bat hits the bat but does no damage.
The bat misses your bat.
Your bat closely misses the gnoll.
The gnoll misses you. The bat misses your bat.
You closely miss the gnoll.
Your bat closely misses the bat.
The bat barely misses your bat.
Your bat hits the bat. The bat misses you. The gnoll barely misses you.
You scratch the gnoll. Your bat misses the bat. The bat closely misses you.
Your bat barely misses the bat.
The gnoll hits you with a +0 club.
Ouch! That really hurt!
* * * LOW HITPOINT WARNING * * *
The bat misses you.
Unknown command.
* * * LOW MAGIC WARNING * * *
Your bat closely misses the bat.
The bat closely misses you.
Your bat misses the bat. The gnoll hits you with a +0 club!
Ouch! That really hurt!
You die...

#.###.## .# ....# #.###....
#.# .... #.###....# #.####
....# <#.......# #....#
..#.#### #.###.... #....#
##....g... .#(###..####....#
#.....g...
.##.###...##....###.#.g.....
. ##....#.......##..#....$..
. #..######..rb@g.##.......
. #..# #....bg.......... .
...## #....####...#####
###### #....# #..?# #....#
#..... #....# #.......
#....# #........ #....#
###...... #....# ......


You could see a gnoll, a hobgoblin, a bat (ally target), a friendly bat
(summoned) and a friendly rat (summoned).

Vanquished Creatures
  2 bats (D:1)
2 creatures vanquished.

Notes
Turn   | Place    | Note
-------+----------+-------------------------------------------
     0 | D:1      | Pooter the Felid Summoner began the quest for the Orb.
     0 | D:1      | Reached XP level 1. HP: 7/7 MP: 4/4
    80 | D:1      | Mangled by a gnoll

Illustrated notes

Levels and vault maps discovered:
D:1:      roderic_crossed_star, layout_basic, dreamdust_ecumenical_altar_grove,
          minmay_misc_feat_x

Action                   || total
-------------------------++-------
Melee: Unarmed           ||     9
       Bite              ||     1
 Cast: Summon Small Mamm ||     6
Armor: Skin              ||     5
Dodge: Dodged            ||    15
